 Dungeon Crawl Stone Soup version 0.25.1-8-g42b30a86e7 (webtiles) character file.

Game seed: 17289486971299395959

18 hawla the Conjurer (level 2, -1/23 HPs)
             Began as a Draconian Conjurer on Dec 14, 2020.
             Slain by a worm (9 damage)
             ... on level 2 of the Dungeon.
             The game lasted 00:02:28 (940 turns).

hawla the Conjurer (Draconian Conjurer)              Turns: 940, Time: 00:02:28

Health: -1/23      AC:  4    Str: 10    XL:     2   Next: 51%
Magic:  1/5        EV: 12    Int: 15    God:
Gold:   34         SH:  0    Dex: 11    Spells: 2/5 levels left

rFire    . . .     SeeInvis .   (no weapon)
rCold    . . .     Gourm    .   (no shield)
rNeg     . . .     Faith    .   (armour unavailable)
rPois    .         Spirit   .   (helmet restricted)
rElec    .         Reflect  .   (no cloak)
rCorr    .         Harm     .   (no gloves)
MR       .....                  (no boots)
Stlth    ++........             (no amulet)
HPRegen  0.07/turn              (no ring)
MPRegen  0.09/turn              (no ring)

@: lethally poisoned (-1 -> -12)
A: unfitting armour, cold-blooded, AC +4
a: no special abilities


You were on level 2 of the Dungeon.
You were hungry.

You visited 1 branch of the dungeon, and saw 2 of its levels.

You collected 34 gold pieces.

Inventory:

Missiles
 g - 14 poisoned darts (quivered)
Potions
 a - a potion of brilliance
 c - a potion of cancellation
 e - a potion of degeneration {unknown}
 f - 2 potions of curing {unknown}
 i - 2 potions of might {unknown}
Comestibles
 b - 4 rations
 d - a chunk of flesh


   Skills:
 - Level 1.0 Fighting
 + Level 0.8 Throwing
 - Level 2.0 Dodging
 - Level 2.0 Stealth
 + Level 2.2 Spellcasting
 - Level 4.0 Conjurations


You had 2 spell levels left.
You knew the following spells:

 Your Spells              Type           Power        Failure   Level  Hunger
a - Magic Dart            Conj           ##..         4%          1    #......
b - Searing Ray           Conj           ##....       6%          2    ###....

Your spell library contained the following spells:

 Spells                   Type           Power        Failure   Level  Hunger
 Dazzling Flash           Conj/Hex       #.....       28%         3    ###....
 Fulminant Prism          Conj/Hex       #.........   67%         4    #####..
 Iskenderun's Mystic Bla  Conj/Tloc      #.......     67%         4    #####..


Dungeon Overview and Level Annotations

Branches:
Dungeon (2/15)

Altars:


Innate Abilities, Weirdness & Mutations

Your plain brown scales are hard. (AC +4)
You cannot fit into any form of body armour.
You are cold-blooded and may be slowed by cold attacks.


Message History

The worm closely misses you.
You hit the worm but do no damage.
Your tail-slap misses the worm.
The worm is heavily wounded.
The worm bites you!
You barely miss the worm.
The worm is heavily wounded.
You hit the worm but do no damage.
The worm is heavily wounded.
The adder misses you. The worm bites you but does no damage.
You hit the worm but do no damage.
The worm is heavily wounded.
The adder bites you.
You are poisoned.
The adder poisons you!
As you read the scroll labeled NOSOTI FORAMAPS, it crumbles to dust.
You smell coffee.
It was a scroll of random uselessness.
You feel sick. The adder bites you.
You are lethally poisoned!
The adder poisons you! The worm bites you!
You die...

##.####.#####..####.
.....# ........#
#..# ####.#
######### #..####.#
.# #.......# .#
###.###.# #.....#
#.###>...
######.###.#...
#.......@w.."#
#.......S..<.#
#.#####.###..... #.#
.#.. #!. ..# #.# ##
#.# #.


You could see a worm and an adder.

Vanquished Creatures
  A leopard gecko (D:1)
  2 bats (D:2)
  A giant cockroach (D:1)
  3 goblins (D:1)
  3 hobgoblins (D:1)
  2 kobolds (D:2)
  3 rats
15 creatures vanquished.

Notes
Turn   | Place    | Note
-------+----------+-------------------------------------------
     0 | D:1      | hawla the Draconian Conjurer began the quest for the Orb.
     0 | D:1      | Reached XP level 1. HP: 14/14 MP: 3/3
   285 | D:1      | Reached XP level 2. HP: 22/22 MP: 1/5
   729 | D:2      | Learned a level 2 spell: Searing Ray
   784 | D:2      | Reached skill level 1 in Fighting
   940 | D:2      | Slain by a worm

Illustrated notes

Levels and vault maps discovered:
D:1:      minmay_arrival_radiant_lines, layout_rooms
D:2:      layout_loops_ring, amethyst_killhole

Skill      XL: |  1  2 |
---------------+-------+-----
Stealth        | 2 |  2.0
Dodging        | 2 |  2.0
Fighting       | 1 |  1.0
Throwing       | |  0.8
Spellcasting   | |  2.2
Conjurations   | |  4.0

Action                   || total
-------------------------++-------
Melee: Unarmed           ||    23
       Tailslap          ||     2
 Cast: Magic Dart        ||    25
       Searing Ray       ||     2
  Use: Scroll            ||     6
Armor: Skin              ||     7
Dodge: Dodged            ||    12
